 Dungeon Crawl Stone Soup version 0.23-a0-650-ga4d50d4 (webtiles) character file.

4670 Amnesiac the Nimble (level 10, -11/49 HPs)
             Began as a Spriggan Berserker on Jan 3, 2019.
             Was an Elder of Trog.
             Killed by the air
             ... invoked by Killmatronix's ghost
              (23 damage)
             ... on level 8 of the Dungeon.
             The game lasted 00:16:33 (9887 turns).

Amnesiac the Nimble (Spriggan Berserker)            Turns: 9887, Time: 00:16:33

Health: -11/49     AC:  4    Str: 16    XL:     10   Next: 21%
Magic:  15/15      EV: 28    Int:  9    God:    Trog [****..]
Gold:   124        SH:  0    Dex: 16    Spells: 9/9 levels left

rFire    + . .     SeeInvis +   p - +1 scimitar (slice)
rCold    . . .     Gourm    .   (shield restricted)
rNeg     . . .     Faith    .   b - +0 animal skin
rPois    .         Spirit   .   (helmet restricted)
rElec    .         Reflect  .   (no cloak)
rCorr    .         Harm     .   (gloves unavailable)
MR       +....                  (boots unavailable)
Stlth    +.........             (no amulet)
HPRegen  0.16/turn              h - ring of protection from fire
MPRegen  0.14/turn              r - +2 ring of protection

@: very quick
A: very small, unfitting armour, see invisible, herbivore, speed 3, slow
metabolism 2
a: Berserk, Trog's Hand, Brothers in Arms, Renounce Religion


You were on level 8 of the Dungeon.
You worshipped Trog.
Trog was greatly pleased with you.
You were very full.

You visited 1 branch of the dungeon, and saw 10 of its levels.

You collected 509 gold pieces.
You spent 385 gold pieces at shops.

Inventory:

Hand Weapons
 a - a +0 falchion
 p - a +1 scimitar of slicing (weapon)
Missiles
 t - 5 tomahawks of dispersal (quivered)
Armour
 b - a +0 animal skin (worn)
 w - a +2 robe of cold resistance
Jewellery
 h - a ring of protection from fire (left hand)
 r - a +2 ring of protection (right hand)
 x - an uncursed amulet of harm {unknown}
Wands
 s - a wand of digging (4)
 z - a wand of disintegration (12)
 A - a wand of clouds (5)
 B - a wand of enslavement (8)
Scrolls
 c - 3 scrolls of blinking {!r}
 f - a scroll of fear {!r}
 i - a scroll of teleportation {!r}
 j - 4 scrolls of remove curse {!r}
 l - 4 scrolls of magic mapping {!r}
 o - 3 scrolls of enchant weapon {!r}
 q - 3 scrolls of identify {!r}
 y - 2 scrolls of enchant armour {!r}
Potions
 d - 5 potions of curing {!q}
 e - 3 potions of lignification {!q}
 g - 2 potions of heal wounds {!q}
 k - 3 potions of might {!q}
 m - 4 potions of brilliance {!q}
 n - 4 potions of mutation {!q}
 v - a potion of magic {!q, unknown}
Comestibles
 u - 4 rations


   Skills:
 - Level 4.0 Fighting
 * Level 9.8 Long Blades
 + Level 11.9 Dodging
 + Level 5.5 Evocations


You had 9 spell levels left.
You didn't know any spells.
Your spell library contained the following spells:

 Spells                   Type           Power        Failure   Level  Hunger
 Animate Skeleton         Necr           N/A          38%         1    ##.....
 Apportation              Tloc           #.....       38%         1    ##.....
 Confusing Touch          Hex            #.....       38%         1    ##.....
 Freeze                   Ice            #...         38%         1    ##.....
 Summon Small Mammal      Summ           #...         38%         1    ##.....
 Throw Frost              Conj/Ice       #.....       52%         2    ###....
 Ozocubu's Armour         Chrm/Ice       #.......     77%         3    ####...
 Summon Ice Beast         Ice/Summ       #.......     99%         4    #####..
 Throw Icicle             Conj/Ice       #.......     99%         4    #####..


Dungeon Overview and Level Annotations

Branches:
Dungeon (10/15)            Temple (0/1) D:5            Lair (0/6) D:8
    Orc: D:9-12

Altars:
Sif Muna
Beogh

Shops:
D:4 *!((*

Annotations:
D:8 Killmatronix's ghost, journeyman GnAE


Innate Abilities, Weirdness & Mutations

You are very small and have problems with some larger weapons.
You are too small for most types of armour.
You have supernaturally acute eyesight. (SInv)
You are a herbivore.
You cover ground extremely quickly.
You need to consume almost no food.


Message History

The iguana hisses angrily.
The cyclops throws a large rock.
The large rock completely misses you.
A wraith comes into view.
The cyclops throws a large rock.
The large rock hits you!!
* * * LOW HITPOINT WARNING * * *
Found a stone staircase leading up.
A hornet comes into view.
There is a stone staircase leading up here.
You climb upwards.
Level annotation: 3 runed doors, Killmatronix's ghost, journeyman GnAE
There is a stone staircase leading down here.
You start resting.
HP restored.
There is a stone staircase leading down here.
Key pressed, stopping explore.
The orc shouts! x2; The orc priest shouts!
You hear a shout!
The orc shouts!
You hear a shout! x3
Found a runed helmet.
Found a roughly hewn altar of Beogh.
The orc warrior shouts!
Found a +0 mace.
Done exploring.
Done exploring.
Done exploring.
Done exploring.
As you open the gate, it creaks loudly!
The orc shouts!
You hear a shout!
The orc completely misses you.
Killmatronix's ghost turns its malevolent gaze towards you.
The orc completely misses you.
You barely miss the orc. The orc completely misses you.
You riposte.
You hit the orc.
The orc is heavily wounded.
The orc completely misses you.
You riposte.
You slash the orc!
You kill the orc!
Trog accepts your kill.
You hit the orc.
You kill the orc!
Trog accepts your kill.
Press: ? - help, v - describe, . - travel, g - get item
Here: an orc warrior, wielding a +5 broad axe and wearing a +3 chain mail A +0 flail.
An open gate.
Press: ? - help, v - describe, . - travel The floor.
Evoke which item? (* to show all) (? for menu, Esc to quit)
Aiming: Disintegrate
Press: ? - help, Shift-Dir - straight line, f - orc priest
Aim: an orc priest (chance to defeat MR: 84%)
The orc priest barely resists.
Unknown command.
You slash the orc priest!
You kill the orc priest!
Trog accepts your kill. The orc warrior misses you.
The orc priest mumbles some strange prayers to Beogh against you.
Beogh smites you!
Killmatronix's ghost whispers, "Trust me.
Just give in."
The orc priest begins to cast a cantrip, but forgets the words!
Killmatronix's ghost waves its arms in wide circles.
The air twists around and strikes you!
* * * LOW HITPOINT WARNING * * *
There is a stone staircase leading down here.
Killmatronix's ghost waves its arms in wide circles.
The air twists around and strikes you!
You die...

###..#...########## ####
##...^...#8....._[)
###..###........#.........
###.#....#......#.#.#8#..8..
#####.................#.###oo...
#...#.......#.........#....#####
#.....................#...oo....
#.....................######oo'#
##.#...........@....o.8..o..)...
####......#.#.#.#.#..W..o.†....
##..........................
##..#.#.......#............
#...##.....................
##.....#.......#........####
#.....#....>............#..#
###......#.......#.##.#...#...
#...##.............######.##'#


You could see an orc warrior and Killmatronix's ghost.

Vanquished Creatures
  Pikel (D:4)
  An elephant (D:8)
  Grinder (D:5)
  A hippogriff (D:7)
  Sigmund (D:2)
  A steam dragon (D:10)
  4 orc warriors
  2 slaves (D:4)
  3 phantoms
  A necrophage (D:10)
  3 ogres
  4 centaurs
  4 crocodiles
  2 bullfrogs
  4 scorpions
  5 wights
  2 howler monkeys (D:10)
  2 crimson imps
  A quasit (D:7)
  A hound (D:7)
  2 centaur skeletons
  4 jellies
  A bullfrog skeleton (D:6)
  4 orc priests
  2 iguanas
  A worker ant (D:7)
  8 orc wizards
  A hound skeleton (D:6)
  5 adders
  A shadow imp (D:8)
  3 oozes
  An adder skeleton (D:8)
  5 worms
  A dart slug (D:1)
  4 leopard geckos
  41 orcs
  5 giant cockroaches
  11 goblins
  9 hobgoblins
  14 jackals
  2 quokkas
  4 ball pythons
  11 bats
  5 frilled lizards
  A jackal skeleton (D:7)
  9 kobolds
  2 leopard gecko skeletons
  A quokka skeleton (D:5)
  12 rats
214 creatures vanquished.

Vanquished Creatures (others)
  A howler monkey (D:5)
  2 orcs (D:5)
3 creatures vanquished.

Grand Total: 217 creatures vanquished

Notes
Turn   | Place    | Note
-------+----------+-------------------------------------------
     0 | D:1      | Amnesiac the Spriggan Berserker began the quest for the
                  | Orb.
     0 | D:1      | Reached XP level 1. HP: 11/11 MP: 2/2
   136 | D:1      | Reached XP level 2. HP: 13/16 MP: 3/3
   779 | D:1      | Reached XP level 3. HP: 17/19 MP: 4/4
   790 | D:1      | Reached ** piety under Trog
  1333 | D:2      | Reached skill level 5 in Dodging
  1843 | D:2      | Noticed Sigmund
  1854 | D:2      | Killed Sigmund
  1854 | D:2      | Reached XP level 4. HP: 18/24 MP: 5/5
  1854 | D:2      | Reached XP level 5. HP: 21/28 MP: 6/6
  2099 | D:2      | Reached skill level 6 in Dodging
  2355 | D:3      | Reached *** piety under Trog
  2356 | D:3      | Reached XP level 6. HP: 32/32 MP: 7/7
  2576 | D:4      | Found Uttuti's General Store.
  3551 | D:4      | Bought a potion of heal wounds for 50 gold pieces
  3551 | D:4      | Bought a scroll of teleportation for 30 gold pieces
  3551 | D:4      | Bought a scroll of enchant weapon for 75 gold pieces
  3785 | D:4      | Found Bise's Weapon Shoppe.
  3788 | D:4      | Reached skill level 5 in Long Blades
  3799 | D:4      | Reached **** piety under Trog
  3901 | D:4      | Found Toudib's Distillery.
  3904 | D:4      | Reached skill level 7 in Dodging
  3904 | D:4      | Reached XP level 7. HP: 9/36 MP: 8/8
  3936 | D:4      | Bought a potion of degeneration for 10 gold pieces
  3936 | D:4      | Bought a potion of might for 40 gold pieces
  3944 | D:4      | Found Wetiun's General Store.
  4157 | D:4      | Found Xeqitar's Weapon Boutique.
  4418 | D:4      | Bought a potion of lignification for 30 gold pieces
  4439 | D:5      | Entered Level 5 of the Dungeon
  4439 | D:5      | Noticed Pikel
  4510 | D:5      | Found a staircase to the Ecumenical Temple.
  4563 | D:5      | Noticed Grinder
  4808 | D:4      | Killed Pikel
  4808 | D:4      | Reached skill level 8 in Dodging
  4808 | D:4      | Reached XP level 8. HP: 40/40 MP: 9/9
  4871 | D:5      | Found a deep blue altar of Sif Muna.
  4921 | D:5      | Reached skill level 9 in Dodging
  5360 | D:5      | Killed Grinder
  5400 | D:6      | Received a gift from Trog
  5709 | D:6      | Reached skill level 10 in Dodging
  6224 | D:6      | You fall through a shaft!
  6307 | D:7      | Reached XP level 9. HP: 34/44 MP: 10/10
  6831 | D:4      | Bought a scroll of enchant armour for 75 gold pieces
  6831 | D:4      | Bought a scroll of enchant armour for 75 gold pieces
  7130 | D:7      | Reached skill level 1 in Evocations
  7217 | D:8      | Found a staircase to the Lair.
  7217 | D:8      | Noticed an elephant
  8314 | D:7      | Reached skill level 11 in Dodging
  9043 | D:8      | Found a runed gate.
  9108 | D:8      | Killed an elephant
  9228 | D:8      | Reached XP level 10. HP: 41/49 MP: 14/14
  9368 | D:8      | Found a runed gate.
  9369 | D:8      | Found a runed gate.
  9431 | D:8      | Reached skill level 5 in Evocations
  9461 | D:8      | Noticed Killmatronix's ghost (journeyman GnAE)
  9529 | D:8      | You fall through a shaft for 2 floors!
  9529 | D:10     | Entered Level 10 of the Dungeon
  9682 | D:9      | Noticed a cyclops
  9859 | D:8      | Found a roughly hewn altar of Beogh.
  9887 | D:8      | Killed from afar by Killmatronix's ghost

Vault maps used:
D:1:      mushboom_english_gardens
D:2:      first_ration, chequers_decorated_corner, uniq_sigmund
D:4:      serial_shops, kennysheep_mini,
          nicolae_shop_temple_entry_statues_fountains, shop,
          nicolae_shop_crystal, shop, hex_medium, kennysheep_generic_room_9
D:5:      nicolae_overflow_crystal_walls, minmay_temple_entry_statues_pillars,
          chequers_serial_rivers_room_a, uniq_grinder, uniq_pikel
D:8:      david_lair_generic, biasface_ghost_orc_armoury, grunt_pizzeria,
          minivault_25, st_stairs_4
D:9:      minmay_the_grid_square_5x5_4x4, nicolae_transmutations_shop
D:10:     uniq_grum

Skill      XL: |  1  2  3  4  5  6  7  8  9 10 |
---------------+-------------------------------+-----
Long Blades    | 3 4 5 6 8 9 |  9.8
Dodging        | 5 6 7 8 10 11 | 11.9
Fighting       | 3 4 |  4.0
Evocations     | 4 5 |  5.5

Action                   |  1- 3 |  4- 6 |  7- 9 | 10-12 || total
-------------------------+-------+-------+-------+-------++-------
Melee: Falchion          |   130 |   159 |       |       ||   289
       Scimitar          |       |    47 |   293 |    53 ||   393
Invok: Berserk           |     1 |     2 |     6 |       ||     9
Evoke: Wand              |       |       |     2 |     1 ||     3
  Use: Potion            |     1 |       |       |       ||     1
       Scroll            |       |     8 |     3 |       ||    11
 Stab: Sleeping          |     3 |     1 |     4 |       ||     8
  Eat: Ration            |       |     4 |     8 |       ||    12
Armor: Animal skin       |    17 |     9 |    23 |     3 ||    52
Dodge: Dodged            |   124 |   189 |   296 |    90 ||   699
       Rpst.: Falchion   |    38 |    39 |       |       ||    77
       Scimitar          |       |    13 |    69 |    34 ||   116

Table legend:
 A = Non-vault XP
 B = Vault XP
 C = Vault XP percentage of total XP
 D = Non-vault monster count
 E = Vault monster count
 F = Vault count percentage of total count
                 A         B        C        D         E       F
            +---------+---------+-------+---------+---------+-------
      Total |    4316 |    2356 |  35.3 |     200 |      12 |   5.7
            +---------+---------+-------+---------+---------+-------
        D:1 |      53 |       0 |   0.0 |      33 |       0 |   0.0
        D:2 |      70 |     212 |  75.2 |      24 |       1 |   4.0
        D:3 |     194 |       0 |   0.0 |      42 |       0 |   0.0
        D:4 |     396 |     697 |  63.8 |      18 |       1 |   5.3
        D:5 |     265 |     281 |  51.5 |      14 |       1 |   6.7
        D:6 |     527 |       0 |   0.0 |      17 |       0 |   0.0
        D:7 |     901 |     366 |  28.9 |      22 |       2 |   8.3
        D:8 |    1342 |     800 |  37.3 |      24 |       7 |  22.6
        D:9 |      41 |       0 |   0.0 |       1 |       0 |   0.0
       D:10 |     527 |       0 |   0.0 |       5 |       0 |   0.0
            +---------+---------+-------+---------+---------+-------
